 Dungeon Crawl Stone Soup version 0.30.0-18-gc0e69614cb (webtiles) character file.

Game seed: 11782507776042144881

1302 KittyFluff the Cudgeller (level 8, 0/51 HPs)
             Began as a Gargoyle Berserker on May 23, 2023.
             Was a Priest of Trog.
             Engulfed by a steam dragon's steam (6 damage)
             ... on level 6 of the Dungeon.
             The game lasted 00:17:59 (3867 turns).

KittyFluff the Cudgeller (Gargoyle Berserker)       Turns: 3867, Time: 00:18:00

Health: 0/51       AC: 10    Str: 26    XL:     8   Next: 57%
Magic:  8/8        EV: 12    Int:  9    God:    Trog [***...]
Gold:   199        SH:  3    Dex: 11    Spells: 7/7 levels left

rFire   . . .        b - +5 whip of the Spinneret {vamp, rPois}
rCold   . . .        x - +0 buckler
rNeg    + . .        l - +0 leather armour
rPois   ∞            j - +0 helmet
rElec   +            (no cloak)
rCorr   .            (no gloves)
SInv    .            (no boots)
Will    .....        (no amulet)
Stlth   +            p - +6 ring of strength
HPRegen 0.28/turn    (no ring)
MPRegen 0.11/turn

%: no passive effects
@: no status effects
A: sickness immunity, AC +5, negative energy resistance 1, electricity
resistance, torment resistance 1, petrification resistance
a: Renounce Religion, Berserk, Trog's Hand


You were on level 6 of the Dungeon.
You worshipped Trog.
Trog was most pleased with you.
You visited 1 branch of the dungeon, and saw 6 of its levels.

You collected 199 gold pieces.

Inventory:

Hand Weapons
 a - a +0 mace
 b - the +5 whip of the Spinneret (weapon) {vamp, rPois}
   (You found it on level 2 of the Dungeon)

   rPois:     It protects you from poison.
 q - a +3 sling
 y - a +0 morningstar
Missiles
 g - 3 poisoned darts (quivered)
 k - 3 boomerangs of dispersal
Armour
 j - a +0 helmet (worn)
 l - a +0 leather armour (worn)
 x - a +0 buckler (worn)
Jewellery
 n - an amulet of magic regeneration
 p - a +6 ring of strength (left hand)
 D - a +6 ring of intelligence
Wands
 v - a wand of roots (14)
Scrolls
 c - 2 scrolls of enchant armour {unknown}
 d - a scroll of enchant weapon {unknown}
 e - a scroll of amnesia {unknown}
 f - a scroll of magic mapping {unknown}
 i - a scroll of poison {unknown}
 o - a scroll of immolation {unknown}
 r - 2 scrolls of blinking {unknown}
 s - a scroll of torment {unknown}
 u - 2 scrolls of identify {unknown}
 w - a scroll of fog {unknown}
 z - 2 scrolls of summoning {unknown}
Potions
 h - 3 potions of haste {unknown}
 m - a potion of berserk rage {unknown}
 t - a potion of might {unknown}
 A - a potion of cancellation {unknown}
 B - a potion of invisibility {unknown}
 C - a potion of heal wounds {unknown}


   Skills:
 + Level 5.7 Fighting
 + Level 6.8 Maces & Flails
 + Level 2.6 Ranged Weapons
 * Level 5.5 Armour
 + Level 3.3 Dodging
 + Level 0.5 Stealth
 + Level 1.1 Shields


You had 7 spell levels left.
You didn't know any spells.
Your spell library was empty.

Dungeon Overview and Level Annotations

Branches:
Dungeon (6/15)             Temple (0/1) D:4

Altars:

Shops:
D:2 [   D:5 [!

Annotations:
D:6 Dowan


Innate Abilities, Weirdness & Mutations

You are immune to sickness and miasma.
Your stone body is resilient. (AC +5)
You are immune to poison.
You resist negative energy. (rN+)
You are resistant to electric shocks. (rElec)
You are resistant to unholy torment.
You are immune to petrification.


Message History

The hound closely misses you. The hound bites you but does no damage.
You whack the hound!
You feel better.
You kill the hound!
Trog accepts your kill.
The centaur wields a +0 shortbow.
The centaur shoots an arrow.
The arrow hits you!
Your Shields skill increases to level 1!
The centaur unwields a +0 shortbow.
The centaur misses you. The centaur kicks you.
Dowan, Brother of Duvessa comes into view.
He is wielding a +0 dagger.
The centaur barely misses you. You block the centaur's attack.
You see here a hound corpse.
You hit the centaur.
The centaur is lightly wounded.
The centaur hits you but does no damage.
The centaur barely misses you.
You hit the centaur.
You feel better.
The centaur is moderately wounded.
You block the centaur's attack. The centaur closely misses you.
You whack the centaur!
The centaur is severely wounded.
The centaur closely misses you. You block the centaur's attack.
You hit the centaur.
The centaur is almost dead.
The centaur hits you.
The centaur kicks you but does no damage.
You hit the centaur but do no damage.
The centaur is almost dead.
The centaur hits you.
The centaur kicks you but does no damage.
Dowan casts a spell.
Dowan blinks!
The centaur closely misses you. The centaur barely misses you.
You whack the centaur!
You feel better.
You kill the centaur!
Trog accepts your kill. The steam dragon breathes steam at you.
The ball of steam hits you!!
* * * LOW HITPOINT WARNING * * *
You are engulfed in a cloud of scalding steam.
You die...

###### #.# #....# #.# #....# #.#
#....# #.# #....# #.# #....# #.#
.
####################..e.#####.#..
.............§§§@DSY§............
######################..###.#.#..
# #.......# #..# #...# . #
#.......# #...# ###.# # #.......#
#.... ..# # #.......# #...## ###
# #.......# #...# # #.^.....#
#..##...# #######.......###.. .


You could see a steam dragon (catching breath), a sky beast, Dowan and an adder.

Vanquished Creatures
  Grinder (D:4)
  4 centaurs
  A bullfrog (D:6)
  A scorpion (D:6)
  6 hounds
  4 orc priests
  A sleepcap (D:5)
  2 iguanas
  4 orc wizards
  6 adders
  2 white imps
  An ufetubus (D:6)
  5 worms
  A dart slug (D:4)
  13 orcs
  7 endoplasms
  5 goblins
  5 hobgoblins
  3 jackals (D:5)
  9 kobolds
  5 quokkas
  5 ball pythons
  3 bats
  2 frilled lizards
  5 rats
101 creatures vanquished.

Vanquished Creatures (others)
  An orc wizard (D:5)
1 creature vanquished.

Grand Total: 102 creatures vanquished

Notes
Turn   | Place    | Note
-------+----------+-------------------------------------------
     0 | D:1      | KittyFluff the Gargoyle Berserker began the quest for the
                  | Orb.
     0 | D:1      | Reached XP level 1. HP: 14/14 MP: 1/1
   208 | D:1      | Reached XP level 2. HP: 19/19 MP: 2/2
   724 | D:2      | Reached XP level 3. HP: 23/24 MP: 3/3
   802 | D:2      | Reached ** piety under Trog
   842 | D:2      | Found Hyebil's Armour Emporium.
  1013 | D:2      | Found a faded altar of an unknown god.
  1270 | D:2      | Reached XP level 4. HP: 29/29 MP: 4/4
  1314 | D:2      | Identified the +5 whip of the Spinneret {vamp, rPois}
  1543 | D:3      | Reached skill level 4 in Maces & Flails
  1792 | D:3      | Reached XP level 5. HP: 33/33 MP: 5/5
  2045 | D:4      | Noticed Grinder
  2063 | D:4      | Found a staircase to the Ecumenical Temple.
  2294 | D:4      | Paralysed by Grinder for 5 turns
  2318 | D:4      | Killed Grinder
  2319 | D:4      | Reached skill level 5 in Maces & Flails
  2319 | D:4      | Reached XP level 6. HP: 23/39 MP: 6/6
  2385 | D:4      | Reached *** piety under Trog
  2521 | D:4      | Reached skill level 1 in Ranged Weapons
  2521 | D:4      | Reached XP level 7. HP: 44/44 MP: 7/7
  2675 | D:5      | Entered Level 5 of the Dungeon
  2698 | D:5      | Found Guom's Antique Armour Shop.
  3087 | D:5      | Reached skill level 5 in Fighting
  3090 | D:5      | HP: 2/44 [centaur (4)]
  3339 | D:5      | Reached skill level 6 in Maces & Flails
  3339 | D:5      | Reached XP level 8. HP: 45/49 MP: 8/8
  3362 | D:5      | Reached skill level 5 in Armour
  3585 | D:5      | Found Kiorim's Distillery.
  3860 | D:6      | Reached skill level 1 in Shields
  3860 | D:6      | Noticed Dowan
  3867 | D:6      | Engulfed by a steam dragon's steam

Illustrated notes

Levels and vault maps discovered:
D:1:      heliophobic_arrival_dark_side_of_the_moon, layout_basic
D:2:      layout_loops_ring, serial_shops, nicolae_shop_real_fake_doors,
          shapermc_ecumenical_altar_acropolis, serial_forest,
          infiniplex_forest_corner_2, infiniplex_forest_zigzag_1,
          infiniplex_forest_corner_2, infiniplex_forest_corner_1,
          infiniplex_forest_clump_C
D:3:      layout_rooms
D:4:      layout_rooms, minmay_temple_entry_sparse_star, uniq_grinder
D:5:      layout_cave_pods, serial_shops, nicolae_shop_window_shopping,
          nicolae_shop_temple_entry_statues_fountains, corexii_leaking_fountain
D:6:      layout_basic, uniq_duvessa

Skill      XL: |  1  2  3  4  5  6  7  8 |
---------------+-------------------------+-----
Fighting       | 4 5 |  5.7
Dodging        | 2 3 |  3.3
Armour         | 3 4 5 |  5.5
Maces & Flails | 4 5 6 |  6.8
Ranged Weapons | 1 2 |  2.6
Shields        | 1 |  1.1
Stealth        | |  0.5

Action                     |  1- 3 |  4- 6 |  7- 9 || total
---------------------------+-------+-------+-------++-------
  Melee: Mace              |   105 |     4 |       ||   109
         Whip              |       |   103 |   192 ||   295
         Punch             |       |     1 |       ||     1
   Fire: Sling             |       |    12 |       ||    12
 Invoke: Berserk           |       |       |     1 ||     1
 Armour: Animal skin       |    32 |       |       ||    32
         Leather armour    |     2 |    24 |    75 ||   101
  Dodge: Dodged            |    42 |    43 |   101 ||   186
  Block: Buckler           |       |       |    23 ||    23
